 Dungeon Crawl Stone Soup version 0.26-a0-712-ga5a9c9c9d0 (webtiles) character file.

Game seed: 15849454159995731911

1268 lemonshoe the Conjurer (level 8, -5/39 HPs)
             Began as a Deep Elf Conjurer on Nov 1, 2020.
             Was a Believer of Hepliaklqana.
             Slain by a troll (10 damage)
             ... on level 7 of the Dungeon.
             The game lasted 01:10:34 (5455 turns).

lemonshoe the Conjurer (Deep Elf Conjurer)          Turns: 5455, Time: 01:10:36

Health: -5/39      AC:  3    Str:  5    XL:     8   Next: 28%
Magic:  21/21      EV: 12    Int: 25    God:    Hepliaklqana [**....]
Gold:   225        SH:  0    Dex: 13    Spells: 8/22 levels left

rFire    . . .     SeeInvis .   k - +3 falchion
rCold    . . .     Faith    .   (no shield)
rNeg     . . .     Spirit   .   w - +0 leather armour
rPois    .         Reflect  .   (no helmet)
rElec    .         Harm     .   q - scarf {repulsion}
rCorr    +         Rampage  .   (no gloves)
MR       .....                  (no boots)
Stlth    +++.......             (no amulet)
HPRegen  0.13/turn              b - ring of resist corrosion
MPRegen  0.17/turn              (no ring)

@: repel missiles
A: reduced essence
a: Recall Ancestor, Ancestor Identity, Renounce Religion


You were on level 7 of the Dungeon.
You worshipped Hepliaklqana.
Hepliaklqana was pleased with you.
You visited 1 branch of the dungeon, and saw 7 of its levels.

You collected 225 gold pieces.

Inventory:

Hand Weapons
 c - a +0 club
 e - a +0 dagger
 i - a +0 dagger
 k - a +3 falchion (weapon)
 m - a +4 dagger of freezing
Missiles
 j - 110 stones (quivered)
Armour
 a - a +0 robe
 d - a +0 chain mail
 g - a +0 robe
 q - a scarf of repulsion (worn)
 r - a +0 robe
 w - a +0 leather armour (worn)
Jewellery
 b - a ring of resist corrosion (left hand)
Wands
 p - a wand of flame (15)
 x - a wand of disintegration (3)
Scrolls
 f - 3 scrolls of teleportation
 n - 5 scrolls of remove curse
 s - 2 scrolls of amnesia
 t - 2 scrolls of blinking
 u - 3 scrolls of random uselessness
Potions
 h - 2 potions of curing
 l - a potion of might
 o - a potion of flight
 v - a potion of berserk rage {unknown}


   Skills:
 + Level 2.1 Fighting
 + Level 2.4(2.6) Short Blades
 + Level 1.0(1.8) Long Blades
 + Level 0.2 Armour
 + Level 3.9 Dodging
 + Level 5.1 Stealth
 + Level 7.5 Spellcasting
 + Level 7.6 Conjurations
 + Level 0.4 Translocations
 + Level 1.0 Evocations


You had 8 spell levels left.
You knew the following spells:

 Your Spells              Type           Power        Failure   Level
a - Magic Dart            Conj           ####         1%          1
b - Searing Ray           Conj           #####.       1%          2
c - Dazzling Flash        Conj/Hex       ####..       7%          3
d - Iskenderun's Mystic   Conj/Tloc      ####....     21%         4
e - Fulminant Prism       Conj/Hex       ####......   22%         4

Your spell library contained the following spells:

 Spells                   Type           Power        Failure   Level


Dungeon Overview and Level Annotations

Branches:
Dungeon (7/15)
 Temple: D:4-7

Altars:
Dithmenos
Gozag
Hepliaklqana
Vehumet
Zin

Annotations:
D:4 exclusion: statue


Message History

Evoke which item? (* to show all) (? for menu, Esc to quit)
Aiming: Disintegrate
Press: ? - help, Shift-Dir - straight line, f - troll
Aim: a troll (chance to defeat MR: 70%)
The troll is blasted!
Evoke which item? (* to show all) (? for menu, Esc to quit)
Aiming: Disintegrate
Press: ? - help, Shift-Dir - straight line, f/p - troll
Aim: a troll (moderately wounded, chance to defeat MR: 70%)
The troll is blasted!
The troll bites you. The troll closely misses you. The troll claws you!
Evoke which item? (* to show all) (? for menu, Esc to quit)
Aiming: Disintegrate
Press: ? - help, Shift-Dir - straight line, f/p - troll
Aim: a troll (heavily wounded, chance to defeat MR: 70%)
The troll struggles to resist.
Oma barely misses the troll.
The troll bites you!
* * * LOW HITPOINT WARNING * * *
The troll claws you!
You die...

##.###..... .#
#....#
#..#####...##
#..........##
#..........###
#...#..##......
#.###..#..#####
# ##....##
#@R...#
#T.#...#
....##.).
......# ..
......... #
.....##....
....... ....#
...##... .....


You could see the friendly Oma the knight and a troll.

Vanquished Creatures
  A necrophage (D:6)
  2 ogres
  3 bullfrogs
  3 wights (D:6)
  A hound (D:5)
  A bullfrog skeleton (D:5)
  An orc priest (D:5)
  An iguana (D:5)
  2 orc wizards
  3 worker ants
  6 adders
  2 ufetubi
  An ooze (D:5)
  6 worms
  3 leopard geckos
  11 orcs
  5 bats
  4 giant cockroaches
  7 goblins
  3 hobgoblins
  9 jackals
  8 kobolds
  2 quokkas (D:2)
  A frilled lizard (D:1)
  2 quokka zombies
  6 rats
94 creatures vanquished.

Vanquished Creatures (collateral kills)
  An ogre (D:5)
  A hound (D:6)
  A jelly (D:6)
  An orc wizard (D:5)
  A worker ant (D:5)
  2 iguanas
  A howler monkey zombie (D:6)
  3 adders
  An ufetubus (D:5)
  An ooze (D:5)
  A worm (D:4)
  3 orcs
  A bat (D:2)
  A giant cockroach (D:2)
  A goblin (D:3)
  A jackal (D:4)
  A quokka (D:3)
22 creatures vanquished.

Vanquished Creatures (others)
  2 ancestors
2 creatures vanquished.

Grand Total: 118 creatures vanquished

Notes
Turn   | Place    | Note
-------+----------+-------------------------------------------
     0 | D:1      | lemonshoe the Deep Elf Conjurer began the quest for the
                  | Orb.
     0 | D:1      | Reached XP level 1. HP: 10/10 MP: 6/6
   169 | D:1      | Reached XP level 2. HP: 15/15 MP: 4/8
   302 | D:1      | Reached skill level 5 in Conjurations
   495 | D:1      | Learned a level 2 spell: Searing Ray
   863 | D:2      | Reached XP level 3. HP: 19/19 MP: 7/9
   976 | D:2      | Learned a level 3 spell: Dazzling Flash
   984 | D:2      | Found a hazy altar of Hepliaklqana.
   993 | D:2      | Became a worshipper of Hepliaklqana the Forgotten
  1806 | D:2      | Reached XP level 4. HP: 21/21 MP: 7/12
  2210 | D:3      | Learned a level 4 spell: Iskenderun's Mystic Blast
  2517 | D:4      | Found a radiant altar of Vehumet.
  2517 | D:4      | Noticed a frost-covered statue
  2626 | D:4      | Reached XP level 5. HP: 12/25 MP: 1/13
  2871 | D:5      | Entered Level 5 of the Dungeon
  2905 | D:5      | Reached skill level 1 in Short Blades
  3166 | D:5      | Reached skill level 5 in Spellcasting
  3166 | D:5      | Reached XP level 6. HP: 22/29 MP: 12/15
  3266 | D:5      | Reached skill level 1 in Fighting
  3621 | D:5      | Reached * piety under Hepliaklqana
  3666 | D:5      | Reached skill level 1 in Evocations
  3666 | D:5      | Reached XP level 7. HP: 32/34 MP: 12/17
  3897 | D:5      | Found a glowing silver altar of Zin.
  3897 | D:5      | Found an opulent altar of Gozag.
  3900 | D:5      | Found a shadowy altar of Dithmenos.
  4578 | D:6      | Reached ** piety under Hepliaklqana
  4579 | D:6      | Remembered your ancestor Oma as a knight
  4668 | D:6      | Learned a level 4 spell: Fulminant Prism
  4853 | D:6      | Found a glowing silver altar of Zin.
  5086 | D:6      | Reached XP level 8. HP: 38/39 MP: 12/20
  5392 | D:6      | Reached skill level 5 in Stealth
  5448 | D:7      | Reached skill level 1 in Long Blades
  5448 | D:7      | Noticed a troll
  5455 | D:7      | Slain by a troll

Illustrated notes

Levels and vault maps discovered:
D:1:      psy_arrival_terrarium, layout_basic, patterned_corridor
D:2:      layout_rooms, marbit_many_paths
D:3:      layout_loops_ring
D:4:      layout_cave_pods, vehumet_statue, minmay_temple_entry_mist
D:5:      layout_cave_pools, grunt_temple_overflow_gold_and_silver,
          grunt_dithmenos_smoke_and_mirrors
D:6:      layout_basic, basic_altar, kennysheep_generic_room_7
D:7:      layout_layer_cave, minmay_a_box_with_orc_wizards_in_it

Skill      XL: |  1  2  3  4  5  6  7  8 |
---------------+-------------------------+-----
Conjurations   | 5 6 7 |  7.6
Spellcasting   | 4 5 6 7 |  7.5
Stealth        | 3 4 5 |  5.1
Short Blades   | 1 2 |  2.4
Dodging        | 3 |  3.9
Fighting       | 1 2 |  2.1
Evocations     | 1 |  1.0
Long Blades    | 1 |  1.0
Armour         | |  0.2
Translocations | |  0.4

Action                   |  1- 3 |  4- 6 |  7- 9 || total
-------------------------+-------+-------+-------++-------
Melee: Unarmed           |     1 |       |       ||     1
       Dagger            |    13 |    61 |     5 ||    79
       Falchion          |       |       |    28 ||    28
Throw: Stone             |       |     1 |       ||     1
 Cast: Magic Dart        |    42 |    40 |    34 ||   116
       Searing Ray       |     6 |    15 |    10 ||    31
       Dazzling Flash    |       |     1 |       ||     1
       Iskenderun's Myst |       |       |     2 ||     2
Invok: Ancestor Identity |     1 |     1 |       ||     2
       Recall Ancestor   |       |     1 |     1 ||     2
       Ancestor Life: Kn |       |       |     1 ||     1
Evoke: Wand              |       |     5 |     6 ||    11
  Use: Potion            |     4 |     1 |     1 ||     6
       Scroll            |     1 |     6 |     2 ||     9
 Stab: Sleeping          |       |     1 |       ||     1
       Distracted        |       |       |     1 ||     1
Armor: Robe              |     6 |     3 |     2 ||    11
       Skin              |       |    18 |       ||    18
       Leather armour    |       |       |     4 ||     4
Dodge: Dodged            |    18 |    46 |    24 ||    88
       Rpst.: Falchion   |       |       |     3 ||     3

Table legend: (Time is in decaauts)
 A = Elapsed time spent in this place.
 B = Non-inter-level travel time spent in this place.
 C = Inter-level travel time spent in this place.
 D = Time resting spent in this place.
 E = Time spent auto-exploring this place.
 F = Levels seen in this place.
 G = Mean time per level.
                   A        B        C        D        E       F      G
               +--------+--------+--------+--------+--------+-----+--------+
         Total |   5455 |   5432 |     23 |   2498 |      0 |   7 |  779.3 |
       Dungeon |   5455 |   5432 |     23 |   2498 |      0 |   7 |  779.3 |
               +--------+--------+--------+--------+--------+-----+--------+

Top non-repeatable levels by time:
     D:6: 1453 daAuts
     D:2: 1296 daAuts
     D:5: 1109 daAuts
     D:3: 623 daAuts
     D:1: 582 daAuts
     D:4: 367 daAuts
     D:7: 23 daAuts
